 Dungeon Crawl Stone Soup version 0.17-a0-1698-ga4b5924 (webtiles) character file.

2565 Hometown the Cleaver (level 9, -17/70 HPs)
             Began as a Minotaur Fighter on Aug 20, 2015.
             Was a Believer of Nemelex Xobeh.
             Demolished by a komodo dragon (22 damage)
             ... on level 8 of the Dungeon.
             The game lasted 00:29:28 (5762 turns).

Hometown the Cleaver (Minotaur Fighter)             Turns: 5762, Time: 00:29:28

Health: -17/70     AC:  8    Str: 30    XL:     9   Next: 31%
Magic:  8/8        EV: 13    Int:  5    God:    Nemelex Xobeh [**....]
Gold:   280        SH: 10    Dex: 14    Spells: 0 memorised, 8 levels left

rFire  . . .     SeeInvis .     a - +0 war axe
rCold  . . .     Clarity  .     b - +0 scale mail
rNeg   . . .     SustAt   .     c - +0 shield
rPois  .         Gourm    .     (helmet restricted)
rElec  .         Spirit   .     (no cloak)
rCorr  .         Warding  .     (no gloves)
rMut   .         Stasis   .     (no boots)
MR     .....                    (no amulet)
Stlth  +.........               (no ring)
                                (no ring)

@: mighty, agile, drained, not resistant to hostile enchantments, very
unstealthy
A: retaliatory headbutt, horns 2
a: Renounce Religion


You were on level 8 of the Dungeon.
You worshipped Nemelex Xobeh.
Nemelex Xobeh was pleased with you.
You were not hungry.

You visited 2 branches of the dungeon, and saw 9 of its levels.

You collected 280 gold pieces.

Inventory:

Hand weapons
 a - a +0 war axe (weapon)
 s - a +2 short sword of speed
 y - a +0 spear
Armour
 b - a +0 scale mail (worn)
 c - a +0 shield (worn)
 g - a +0 robe
 t - a +0 pair of gloves
Jewellery
 x - an uncursed amulet of resist corrosion {unknown}
 L - a +2 ring of evasion {unknown}
Magical devices
 F - a wand of polymorph (10)
 G - a wand of lightning (7)
 H - a wand of random effects (25)
 M - a wand of confusion (25)
Scrolls
 h - 4 scrolls of remove curse {unknown}
 i - 2 scrolls of magic mapping {unknown}
 p - 5 scrolls of identify {unknown}
 q - a scroll of noise {unknown}
 r - 2 scrolls of recharging {unknown}
 v - a scroll of fog {unknown}
 B - a scroll of enchant armour {unknown}
 E - a scroll of random uselessness {unknown}
 J - 3 scrolls of teleportation {unknown}
 K - a scroll of fear {unknown}
 N - a scroll of vulnerability {unknown}
 O - a scroll of blinking {unknown}
Potions
 f - 2 potions of cancellation {unknown}
 j - a potion of invisibility {unknown}
 m - 2 potions of heal wounds {unknown}
 n - a potion of mutation {unknown}
 o - 2 potions of resistance {unknown}
 w - a potion of brilliance {unknown}
 z - 2 potions of agility
 D - a potion of lignification {unknown}
 I - 2 potions of haste {unknown}
Miscellaneous
 A - a plain deck of war {drawn: 1}
Comestibles
 e - 3 bread rations
 k - 2 meat rations
 u - 4 fruits
 C - a royal jelly


   Skills:
 - Level 3.6(3.4) Fighting
 * Level 11.6(11.4) Axes
 + Level 10.0(9.7) Armour
 + Level 1.6(1.4) Stealth
 - Level 3.6(3.4) Shields


You had 8 spell levels left.
You didn't know any spells.

Dungeon Overview and Level Annotations

Branches:
Dungeon (8/15)             Temple (1/1) D:4
   Lair: D:8-11

Altars:
Ashenzari
Cheibriados
Dithmenos
Elyvilon
Fedhas
Gozag
Kikubaaqudgha
Makhleb
Nemelex Xobeh
Okawaru
Qazlal
Trog
Vehumet
Yredelemnul
Zin
The Shining One

Shops:
D:7 :


Innate Abilities, Weirdness & Mutations

You reflexively headbutt those who attack you in melee.
You have a pair of horns on your head.


Message History

You are too injured to fight recklessly!
You are too injured to fight recklessly!
You are too injured to fight recklessly!
It was a potion of agility.
You feel agile all of a sudden. You block the komodo dragon's attack.
You feel better. The komodo dragon bites you!
* * * LOW HITPOINT WARNING * * *
You are too injured to fight recklessly!
You feel very mighty all of a sudden. You block the komodo dragon's attack.
You barely miss the komodo dragon.
The komodo dragon is lightly wounded.
You block the komodo dragon's attack.
You hit the komodo dragon but do no damage.
Your headbutt misses the komodo dragon.
The komodo dragon is lightly wounded.
The komodo dragon bites you!!
You die...
Your body disappears without a glow.

.......$.............+
.....................#
..[###+######..##...##
.. #####'##...# .
........')...#
......).#....+
........##...#
###+##+###...####..
#.@##...<......
+..l)......?...
#..)...........
#..##..........
#..##....###..#
#...##....# ..#
+...+......# ..
##..##.....+ ####
.....#


You could see a komodo dragon.

Vanquished Creatures
  A troll (D:6)
  An orc warrior (D:6)
  A water moccasin (D:5)
  A sky beast (D:7)
  4 phantoms
  2 ice beasts (D:5)
  2 necrophages
  An ogre (D:4)
  2 centaurs
  3 giant frogs
  A big kobold (D:7)
  A crimson imp (D:5)
  A quasit (D:7)
  5 wights (D:8)
  2 giant frog skeletons
  2 hounds
  2 orc wizards
  Terence (D:3)
  4 iguanas
  4 worker ants
  A worker ant zombie (D:8)
  6 gnolls
  9 adders
  2 oozes
  An adder skeleton (D:4)
  5 worms
  14 orcs
  6 bats
  7 giant cockroaches
  2 gnoll zombies (D:4)
  4 goblins
  4 hobgoblins (D:1)
  11 jackals
  4 quokkas
  9 ball pythons
  A ball python skeleton (D:6)
  3 giant geckos
  2 giant newts (D:2)
  A jackal skeleton (D:5)
  12 kobolds
  8 rats
153 creatures vanquished.

Notes
Turn   | Place    | Note
--------------------------------------------------------------
     0 | D:1      | Hometown the Minotaur Fighter began the quest for the Orb.
     0 | D:1      | Reached XP level 1. HP: 19/19 MP: 0/0
   319 | D:1      | Reached skill level 4 in Armour
   320 | D:1      | Reached XP level 2. HP: 26/26 MP: 1/1
   832 | D:2      | Reached XP level 3. HP: 31/31 MP: 2/2
  1096 | D:2      | Found a stormy altar of Qazlal.
  1144 | D:2      | Reached skill level 5 in Armour
  1144 | D:2      | Reached XP level 4. HP: 35/39 MP: 3/3
  1590 | D:3      | Found a glowing golden altar of the Shining One.
  1695 | D:3      | Noticed Terence
  1705 | D:3      | Killed Terence
  1705 | D:3      | Reached XP level 5. HP: 32/45 MP: 4/4
  2190 | D:4      | Reached skill level 5 in Axes
  2295 | D:4      | Noticed a phantom
  2369 | D:4      | Killed a phantom
  2369 | D:4      | Reached skill level 6 in Armour
  2369 | D:4      | Reached XP level 6. HP: 19/51 MP: 5/5
  2679 | D:4      | Noticed an ogre
  2683 | D:4      | Killed an ogre
  2925 | D:4      | Found a staircase to the Ecumenical Temple.
  2932 | Temple   | Entered the Ecumenical Temple
  3131 | Temple   | Became a worshipper of Nemelex Xobeh the Trickster
  3233 | D:4      | Received a gift from Nemelex Xobeh
  3257 | D:4      | Found a basalt altar of Yredelemnul.
  3302 | D:5      | Entered Level 5 of the Dungeon
  3308 | D:5      | Noticed a water moccasin
  3317 | D:5      | Killed a water moccasin
  3317 | D:5      | Reached skill level 7 in Axes
  3317 | D:5      | Reached XP level 7. HP: 19/57 MP: 6/6
  3644 | D:5      | Found a glowing golden altar of the Shining One.
  3645 | D:5      | Found a radiant altar of Vehumet.
  3762 | D:5      | Reached skill level 8 in Axes
  3827 | D:5      | Found an opulent altar of Gozag.
  3999 | D:5      | Reached skill level 1 in Stealth
  4148 | D:6      | Reached XP level 8. HP: 53/64 MP: 7/7
  4329 | D:6      | Found an opulent altar of Gozag.
  4396 | D:6      | Reached skill level 9 in Axes
  4538 | D:6      | Received a gift from Nemelex Xobeh
  4625 | D:6      | Found a white marble altar of Elyvilon.
  4667 | D:6      | Noticed a troll
  4675 | D:6      | Killed a troll
  4675 | D:6      | Reached skill level 10 in Axes
  4827 | D:7      | Found Fialofui's Book Shoppe.
  5167 | D:7      | Reached XP level 9. HP: 57/70 MP: 8/8
  5285 | D:7      | Reached skill level 11 in Axes
  5288 | D:7      | Received a gift from Nemelex Xobeh
  5609 | D:8      | Reached skill level 10 in Armour
  5748 | D:8      | Noticed a komodo dragon
  5757 | D:8      | HP: 3/70 [komodo dragon (22)]
  5762 | D:8      | Demolished by a komodo dragon

Vault maps used:
D:1:      evilmike_arrival_run_for_it
D:2:      grunt_qazlal_sundering, minmay_shallow_snake_nest
D:3:      tso_altar, uniq_terence
D:4:      lemuel_zombie_altar_yredelemnul, minmay_temple_entry_statues_fountains
D:5:      nicolae_overflow_hidden_temple, first_bread
D:6:      nicolae_overflow_crystal_walls, grunt_gozag_breadcrumbs
D:7:      serial_shops, shop
D:8:      nicolae_ru_the_path_less_chosen, old_standard_altar
Temple:   roderic_octagonal_lattice_temple

Action                   |  1- 3 |  4- 6 |  7- 9 || total
-------------------------+-------+-------+-------++-------
Melee: War axe           |    70 |   204 |   207 ||   481
Evoke: Deck              |       |     1 |       ||     1
  Use: Potion            |       |     2 |     4 ||     6
  Eat: Bread ration      |       |     2 |     2 ||     4
